 Dungeon Crawl Stone Soup version 0.29-a0-338-g1ff7896281 (webtiles) character file.

Game seed: 12942773110228586550

3070 Agony the Fighter (level 9, -1/82 HPs)
             Began as a Minotaur Fighter on Apr 19, 2022.
             Was an Initiate of Okawaru.
             Slain by a killer bee (4 damage)
             ... on level 8 of the Dungeon.
             The game lasted 00:22:34 (7560 turns).

Agony the Fighter (Minotaur Fighter)                Turns: 7560, Time: 00:22:35

Health: -1/82      AC: 14    Str: 23    XL:     9   Next: 58%
Magic:  2/2        EV:  9    Int:  7    God:    Okawaru [......]
Gold:   530        SH:  7    Dex: 14    Spells: 8/8 levels left

rFire   + + .      SeeInvis +   m - +8 spear of the Flying Madman {antimagic, rF+ Int+2 Dex+2}
rCold   + . .      Faith    .   c - +1 buckler
rNeg    . . .      Spirit   .   b - +0 scale mail
rPois   +          Reflect  .   (helmet restricted)
rElec   +          Harm     .   y - +0 cloak
rCorr   +          Rampage  .   o - +0 pair of gloves
Will    .....                   E - +2 pair of boots
Stlth   ..........              (no amulet)
HPRegen 0.23/turn               u - ring of see invisible
MPRegen 0.08/turn               (no ring)

@: lethally poisoned (-1 -> -5), resistant
A: horns 2, retaliatory headbutt
a: Renounce Religion


You were on level 8 of the Dungeon.
You worshipped Okawaru.
Okawaru was noncommittal.
You visited 2 branches of the dungeon, and saw 9 of its levels.
You also visited: Sewer.

You collected 530 gold pieces.

Inventory:

Hand Weapons
 m - the +8 spear of the Flying Madman (weapon) {antimagic, rF+ Int+2 Dex+2}
   (You found it on level 2 of the Dungeon)

   It reduces the magical energy of the wielder, and disrupts the spells and
   magical abilities of those it strikes.
   Natural abilities and divine invocations are not affected.
   Int:       It affects your intelligence (+2).
   Dex:       It affects your dexterity (+2).
   rF:        It protects you from fire.
Missiles
 f - 10 poisoned darts (quivered)
Armour
 b - a +0 scale mail (worn)
 c - a +1 buckler (worn)
 o - a +0 pair of gloves (worn)
 y - a +0 cloak (worn)
 E - a +2 pair of boots (worn)
Jewellery
 e - a ring of magical power
 u - a ring of see invisible (left hand)
Wands
 g - a wand of flame (42)
 r - a wand of mindburst (11)
 A - a wand of digging (6)
Scrolls
 a - 2 scrolls of fear
 k - 11 scrolls of teleportation
 p - a scroll of brand weapon
 v - 2 scrolls of fog
 w - a scroll of enchant weapon {unknown}
 x - 3 scrolls of vulnerability {unknown}
 B - a scroll of amnesia {unknown}
 C - a scroll of holy word {unknown}
Potions
 d - 4 potions of might
 h - a potion of attraction
 i - 2 potions of magic {unknown}
 j - 6 potions of curing
 l - 2 potions of ambrosia {unknown}
 n - 3 potions of berserk rage {unknown}
 q - 3 potions of flight {unknown}
 s - 2 potions of resistance
 t - a potion of heal wounds {unknown}
 z - 2 potions of brilliance {unknown}
 D - a potion of mutation {unknown}


   Skills:
 + Level 8.9 Fighting
 - Level 3.2 Long Blades
 + Level 7.6 Polearms
 + Level 8.9 Armour
 + Level 8.8 Shields


You had 8 spell levels left.
You didn't know any spells.
Your spell library contained the following spells:

 Spells                   Type           Power      Damage    Failure   Level
 Apportation              Tloc           0%         N/A       77%         1
 Beastly Appendage        Tmut           0%         N/A       77%         1
 Sublimation of Blood     Necr           0%         N/A       88%         2
 Wereblood                Tmut           0%         N/A       88%         2
 Gell's Gravitas          Tloc           0%         N/A       98%         3
 Portal Projectile        Hex/Tloc       0%         N/A       98%         3
 Spider Form              Tmut/Pois      0%         N/A       98%         3
 Teleport Other           Tloc           0%         N/A       98%         3
 Leda's Liquefaction      Hex/Erth       0%         N/A       100%        4
 Fireball                 Conj/Fire      0%         3d3       100%        5
 Dispersal                Tloc           0%         N/A       100%        6
 Starburst                Conj/Fire      0%         6d3       100%        6
 Ignition                 Fire           0%         3d3       100%        8
 Animate Skeleton         Necr           Unusable   N/A       N/A         1
 Summon Small Mammal      Summ           Unusable   N/A       N/A         1
 Call Canine Familiar     Summ           Unusable   N/A       N/A         3
 Summon Hydra             Summ           Unusable   N/A       N/A         7

Dungeon Overview and Level Annotations

Branches:
Dungeon (8/15)             Temple (1/1) D:7           Sewer (visited)
   Lair: D:8-11

Altars:
Ashenzari
Dithmenos
Fedhas
Gozag
Hepliaklqana
Kikubaaqudgha
Makhleb
Nemelex Xobeh
Okawaru
Qazlal
Ru
Sif Muna
Trog
Uskayaw
Vehumet
Xom
Yredelemnul


Innate Abilities, Weirdness & Mutations

You have a pair of horns on your head.
You reflexively headbutt those who attack you in melee.


Message History

You kill the killer bee!
Okawaru accepts your kill.
* * * LOW HITPOINT WARNING * * *
You feel very sick. The killer bee completely misses you.
You furiously retaliate!
You headbutt the killer bee.
Okay, then.
Okay, then.
You miss the killer bee.
The killer bee is moderately wounded.
* * * LOW HITPOINT WARNING * * *
You feel sick. You block the killer bee's attack.
The killer bee barely misses you.
You miss the killer bee.
The killer bee is moderately wounded.
* * * LOW HITPOINT WARNING * * *
You feel sick. The killer bee stings you.
* * * LOW HITPOINT WARNING * * *
* * * LOW HITPOINT WARNING * * *
You feel sick. You block the killer bee's attack.
You puncture the killer bee!
The killer bee is severely wounded.
* * * LOW HITPOINT WARNING * * *
You feel sick. The killer bee closely misses you.
You hit the killer bee.
You kill the killer bee!
Okawaru accepts your kill.
* * * LOW HITPOINT WARNING * * *
You feel sick. The killer bee barely misses you. You furiously retaliate!
You headbutt the killer bee. You miss the killer bee.
Your headbutt misses the killer bee.
The killer bee is lightly wounded.
* * * LOW HITPOINT WARNING * * *
You feel sick.
The killer bee stings you but does no damage.
It was a potion of resistance.
You feel protected.
* * * LOW HITPOINT WARNING * * *
You feel sick. You block the killer bee's attack. The killer bee stings you.
You die...

.##.##.<..#...# #...#
....##.##.#...## ##.###
###.#.....#....+ #....#####
#.#..#..#...## ##........
#.####..#...# #........
#.......#.#y# #........
#######.#.#.# ### #.#......
............#####.#####.#......
######....#.yy@.........#...##.
#....########.#.######.##.
###### #.....##..|##.
###.#.##.####. #####.#.##......
+.....#.######## #######.....#
#####.# #.#


You could see 2 killer bees.

Vanquished Creatures
  Grinder (D:5)
  A steam dragon (D:7)
  Menkaure (D:7)
  A water moccasin (D:7)
  Pargi (Sewer)
  A sky beast (D:6)
  2 orc warriors (D:7)
  An ice beast (D:5)
  4 centaurs
  An ogre (D:5)
  A bullfrog (D:8)
  2 necrophages
  5 scorpions
  4 wights (D:8)
  3 killer bees (D:8)
  A howler monkey (D:4)
  3 orc priests
  6 hounds
  3 jellies
  A gnoll shaman (D:7)
  2 iguanas
  5 orc wizards (D:7)
  11 adders
  4 gnolls (D:7)
  3 ufetubi
  3 worms
  A dart slug (D:3)
  16 orcs
  3 bats
  3 endoplasms
  4 giant cockroaches
  9 goblins
  10 hobgoblins
  6 jackals
  3 quokkas
  6 ball pythons
  A frilled lizard (D:3)
  7 kobolds
  9 rats
149 creatures vanquished.

Notes
Turn   | Place    | Note
-------+----------+-------------------------------------------
     0 | D:1      | Agony the Minotaur Fighter began the quest for the Orb.
     0 | D:1      | Reached XP level 1. HP: 19/19 MP: 0/0
   212 | D:1      | Reached XP level 2. HP: 24/27 MP: 1/1
   586 | D:2      | Identified the +0 leather armour "Orucvuig" {Int+3 Dex+6}
   630 | D:2      | Reached XP level 3. HP: 32/33 MP: 2/2
  1018 | D:2      | Identified the +8 spear of the Flying Madman {antimagic,
                  | rF+ Int+2 Dex+2}
  1362 | D:3      | Identified the +2 leather armour of Fuecrev {Str+2}
  1373 | D:3      | Reached XP level 4. HP: 41/41 MP: 1/3
  1686 | D:3      | Reached skill level 1 in Polearms
  1952 | D:4      | Noticed a scorpion
  2038 | D:4      | Noticed a scorpion
  2049 | D:4      | Killed a scorpion
  2050 | D:4      | Reached XP level 5. HP: 21/47 MP: 1/4
  2250 | D:4      | Reached skill level 5 in Fighting
  2250 | D:4      | Reached skill level 5 in Armour
  2250 | D:4      | Reached skill level 5 in Shields
  2404 | D:4      | Reached XP level 6. HP: 56/56 MP: 1/5
  2899 | D:5      | Entered Level 5 of the Dungeon
  3024 | D:5      | Found a basalt altar of Yredelemnul.
  3055 | D:5      | Reached XP level 7. HP: 58/62 MP: 2/6
  3519 | D:5      | Noticed Grinder
  3536 | D:5      | Killed Grinder
  3720 | D:5      | Reached XP level 8. HP: 71/71 MP: 2/7
  3840 | D:5      | Reached skill level 5 in Polearms
  5256 | D:6      | Found a glowing drain.
  5273 | Sewer    | Entered a sewer
  5438 | Sewer    | Noticed Pargi
  5446 | Sewer    | Killed Pargi
  5717 | D:7      | Noticed Menkaure
  5728 | D:7      | Killed Menkaure
  5729 | D:7      | Reached XP level 9. HP: 51/81 MP: 2/8
  5733 | D:7      | Found a blossoming altar of Fedhas.
  5919 | D:7      | Found a shimmering blue altar of Sif Muna.
  6549 | D:7      | Found a staircase to the Ecumenical Temple.
  7133 | Temple   | Entered the Ecumenical Temple
  7194 | Temple   | Became a worshipper of Warmaster Okawaru
  7558 | D:8      | HP: 4/82 [poisoned by a killer bee]
  7560 | D:8      | Slain by a killer bee

Illustrated notes

Levels and vault maps discovered:
D:1:      erik_arrival_orb_chamber, layout_rooms, minmay_crystal_room,
          minmay_pentomino_z2
D:2:      layout_rooms
D:3:      layout_basic
D:4:      layout_rooms, serial_corexii_hall, corexii_hall_statues_i,
          corexii_hall_statues_u, minmay_ruptured
D:5:      layout_layer_cave, lemuel_crystal_altar, uniq_grinder
D:6:      layout_loops_ring, cheibrodos_sewer_entry_bend, hangedman_decor_push
D:7:      layout_gridville, kennysheep_orc_sif_temple,
          mainiacjoe_overflow_tiny_flanked, minmay_temple_entry_grid,
          enter_bailey_5, uniq_menkaure
D:8:      layout_basic, cheibrodos_worm_habitat,
          mainiacjoe_overflow_concentric_impassable, dreamdust_princess_bridge
Temple:   zaba_magenta_temple

Skill      XL: |  1  2  3  4  5  6  7  8  9 |
---------------+----------------------------+-----
Fighting       | 4 5 6 8 |  8.9
Armour         | 4 5 6 8 |  8.9
Shields        | 4 5 6 7 8 |  8.8
Long Blades    | 3 |  3.2
Polearms       | 2 3 4 6 7 |  7.6

Action                   |  1- 3 |  4- 6 |  7- 9 || total
-------------------------+-------+-------+-------++-------
Melee: Long sword        |    63 |       |       ||    63
       Headbutt          |     7 |    12 |    38 ||    57
       Spear             |     9 |    91 |   235 ||   335
  Use: Scroll            |     5 |       |     2 ||     7
       Potion            |       |       |     2 ||     2
Armor: Scale mail        |    37 |    22 |    82 ||   141
Dodge: Dodged            |    36 |    31 |    71 ||   138
Block: Buckler           |    16 |    24 |    74 ||   114

Table legend: (Time is in decaauts)
 A = Elapsed time spent in this place.
 B = Non-inter-level travel time spent in this place.
 C = Inter-level travel time spent in this place.
 D = Time resting spent in this place.
 E = Time spent auto-exploring this place.
 F = Levels seen in this place.
 G = Mean time per level.
                   A        B        C        D        E       F      G
               +--------+--------+--------+--------+--------+-----+--------+
         Total |   7563 |   7206 |    357 |   1011 |   4687 |  10 |  756.3 |
       Dungeon |   7246 |   6898 |    348 |    911 |   4594 |   8 |  905.8 |
        Temple |     78 |     69 |      9 |      0 |     47 |   1 |   78.0 |
         Sewer |    238 |    238 |      0 |    100 |     45 |   1 |  238.0 |
               +--------+--------+--------+--------+--------+-----+--------+

Top non-repeatable levels by time:
     D:5: 1625 daAuts
     D:7: 1448 daAuts
     D:6: 920 daAuts
     D:4: 895 daAuts
     D:3: 838 daAuts
     D:2: 638 daAuts
     D:1: 550 daAuts
     D:8: 330 daAuts
   Sewer: 238 daAuts
  Temple: 78 daAuts
